 Dungeon Crawl Stone Soup version 0.20.0-4-g10b340a (webtiles) character file.

44580 ghjk the Severer (level 13, -4/122 HPs)
             Began as a Minotaur Fighter on May 27, 2017.
             Was the Champion of Okawaru.
             Slain by a komodo dragon (18 damage)
             ... on level 6 of the Lair of Beasts.
             The game lasted 00:27:21 (16523 turns).

ghjk the Severer (Minotaur Fighter)                Turns: 16523, Time: 00:27:22

Health: -4/122     AC: 23    Str: 22    XL:     13   Next: 97%
Magic:  0/12       EV: 11    Int:  9    God:    Okawaru [******]
Gold:   453        SH:  9    Dex: 14    Spells: 12/12 levels left

rFire    + . .     SeeInvis .   R - +2 war axe (chop)
rCold    + + .     Gourm    .   M - +2 buckler {rC+}
rNeg     . . .     Faith    .   n - +0 chain mail
rPois    .         Spirit   +   S - +2 hat of the Monk {rElec rC+}
rElec    +         Reflect  .   m - +2 cloak {MR+}
rCorr    .         Harm     .   u - +3 pair of gloves of Peek-a-Boo {rElec MR+ Int+2}
MR       ++...                  (no boots)
Stlth    ..........             G - amulet of guardian spirit
Regen    0.3/turn               p - ring of protection from fire
MPRegen  0.2/turn               B - +2 ring of intelligence (curse)

@: no status effects
A: retaliatory headbutt, horns 2
a: Heroism, Finesse, Renounce Religion


You were on level 6 of the Lair of Beasts.
You worshipped Okawaru.
Okawaru was exalted by your worship.
You were hungry.

You visited 3 branches of the dungeon, and saw 20 of its levels.

You collected 671 gold pieces.
You spent 218 gold pieces at shops.

Inventory:

Hand Weapons
 I - a +0 flail
 P - a +5 battleaxe of venom
 R - a +2 war axe of chopping (weapon)
Armour
 m - a +2 cloak of magic resistance (worn)
 n - a +0 chain mail (worn)
 u - the +3 pair of gloves of Peek-a-Boo (worn) {rElec MR+ Int+2}
   (You bought it in a shop on level 7 of the Dungeon)

   It affects your intelligence (+2).
   It insulates you from electricity.
   It affects your resistance to hostile enchantments.
 M - a +2 buckler of cold resistance (worn)
 S - the +2 hat of the Monk (worn) {rElec rC+}
   (Okawaru gifted it to you on level 6 of the Lair of Beasts)

   It protects you from cold.
   It insulates you from electricity.
Jewellery
 a - the ring of Shadows {Umbra +Inv Stlth+}
   (You found it on level 5 of the Lair of Beasts)

   [ring of stealth]

   It lets you turn invisible.
   It makes you more stealthy.
 p - a ring of protection from fire (left hand)
 B - a cursed +2 ring of intelligence (right hand)
 E - an uncursed ring of see invisible
 G - an amulet of guardian spirit (around neck)
Wands
 k - a wand of polymorph (13/24)
 o - a wand of flame (14/48)
 r - a wand of iceblast (9/15)
 y - a wand of acid (9/15)
 z - a wand of iceblast (6/15)
 A - a wand of scattershot (5/9)
 H - a wand of flame (2/48)
 N - a wand of acid (9/15)
 O - a wand of flame (21/48)
Scrolls
 d - 8 scrolls of remove curse
 g - 9 scrolls of teleportation
 l - a scroll of enchant armour
 s - 2 scrolls of magic mapping
 w - 2 scrolls of fear
 F - 6 scrolls of identify
 J - 2 scrolls of recharging
Potions
 e - a potion of resistance {unknown}
 h - 4 potions of curing
 j - a potion of lignification
 q - 3 potions of brilliance
 t - 3 potions of heal wounds
 v - 2 potions of cancellation
 C - 2 potions of flight
 Q - a potion of degeneration {unknown}
Books
 c - a book of Air

   Spells                             Type                      Level
   a - Shock                          Conjuration/Air              1
   b - Swiftness                      Charms/Air                   2
   c - Static Discharge               Conjuration/Air              3
   d - Airstrike                      Air                          4
   e - Lightning Bolt                 Conjuration/Air              5
 x - a book of Conjurations

   Spells                             Type                      Level
   a - Magic Dart                     Conjuration                  1
   b - Searing Ray                    Conjuration                  2
   c - Dazzling Spray                 Conjuration/Hexes            3
   d - Fulminant Prism                Conjuration/Hexes            4
   e - Force Lance                    Conjuration/Translocation    4
   f - Iskenderun's Mystic Blast      Conjuration                  4
 D - a book of Geomancy

   Spells                             Type                      Level
   a - Sandblast                      Earth                        1
   b - Passwall                       Transmutation/Earth          2
   c - Stone Arrow                    Conjuration/Earth            3
   d - Petrify                        Transmutation/Earth          4
   e - Lee's Rapid Deconstruction     Earth                        5
 K - a book of Callings

   Spells                             Type                      Level
   a - Summon Small Mammal            Summoning                    1
   b - Call Imp                       Summoning                    2
   c - Call Canine Familiar           Summoning                    3
   d - Summon Guardian Golem          Hexes/Summoning              3
   e - Summon Lightning Spire         Summoning/Air                4
   f - Summon Ice Beast               Ice/Summoning                4
 L - a book of Misfortune

   Spells                             Type                      Level
   a - Confusing Touch                Hexes                        1
   b - Confuse                        Hexes                        3
   c - Gell's Gravitas                Translocation                3
   d - Petrify                        Transmutation/Earth          4
   e - Metabolic Englaciation         Hexes/Ice                    5
   f - Yara's Violent Unravelling     Hexes/Transmutation          5
Comestibles
 b - 9 meat rations
 f - 10 bread rations
 i - 21 royal jellies


   Skills:
 + Level 13.2 Fighting
 + Level 17.4(17.5) Axes
 + Level 3.6(12.2) Maces & Flails
 + Level 13.4 Armour
 + Level 5.3 Dodging
 - Level 11.4 Shields
 + Level 1.0 Invocations


You had 12 spell levels left.
You didn't know any spells.

Dungeon Overview and Level Annotations

Branches:
Dungeon (13/15)            Temple (1/1) D:7            Lair (6/6) D:11
  Swamp (0/4) Lair:4        Snake (0/4) Lair:4          Orc (0/2) D:9
  Slime: Lair:5-6    Vaults: D:13-14

Altars:
Cheibriados
Elyvilon
Gozag
Hepliaklqana
Okawaru
Qazlal
Sif Muna
The Shining One

Shops:
D:4 }   D:7 ((([   D:10 %

Annotations:
D:6 ThereIsNoGod's ghost, novice MiGl


Innate Abilities, Weirdness & Mutations

You reflexively headbutt those who attack you in melee.
You have a pair of horns on your head.


Message History

* * * LOW HITPOINT WARNING * * *
You feel better. The komodo dragon bites you. The lindwurm closely misses you.
You block the lindwurm's attack. The lindwurm closely misses you.
Unknown command.
You slice the lindwurm!!
The lindwurm is severely wounded.
You barely miss the komodo dragon. The komodo dragon bites you!
* * * LOW HITPOINT WARNING * * *
Unknown command.
Unknown command.
You slash the lindwurm!
You kill the lindwurm!
Okawaru accepts your kill.
You slash the komodo dragon!
You kill the komodo dragon!
Okawaru accepts your kill.
Unknown command.
A komodo dragon is nearby!
You closely miss the komodo dragon. The komodo dragon bites you!!
You die...

###≈≈≈≈§## ###........
#8§≈≈....###### ≈# §# ##..PP...
#≈≈.......#8#8# §#§§≈ #..♣..P.
#≈≈≈###........## §#≈# #.......
§≈ #8.........8##≈§≈# ###♣....
###.........##≈§≈# #P.... §
#8.........††#≈≈# ##.♣.P
§≈###.........#l≈≈### ###P♣
§§≈≈##.....l§.#.@##8##### #..♣
§≈≈≈≈§##..≈§≈###..#..8#8# ####
##≈≈..§##≈≈≈≈≈≈.§......## #
#≈≈..≈§#≈≈§≈≈.≈§#......#### #
##..≈§S≈######.≈≈....[....######
#l##§≈# ##.≈≈#..†......#... ..
#.≈≈≈##†......÷#.. ..l
.#≈≈........####.#. ...l
..#§#.......## ##).


You could see a komodo dragon.

Vanquished Creatures
  3 hydras
  3 two-headed ogres
  2 death yaks (Lair:5)
  An unseen horror (D:10)
  2 lindwurms
  A cyclops (D:12)
  A manticore (D:11)
  12 elephants
  7 black mambas
  2 molten gargoyles (Lair:6)
  11 spiny frogs
  A torpor snail (Lair:4)
  A gargoyle (D:13)
  2 rime drakes
  7 komodo dragons
  2 kobold demonologists (D:11)
  A troll (D:11)
  A merfolk (D:10)
  A hornet (D:11)
  A queen bee (Lair:3)
  6 hippogriffs
  12 blink frogs
  Sigmund (D:2)
  A shadow (D:8)
  42 yaks
  6 wyverns
  2 basilisks
  A steam dragon (Lair:6)
  5 nagas (Lair:4)
  11 water moccasins
  16 porcupines
  3 hell hounds (Lair:6)
  5 ice beasts
  2 phantoms (D:8)
  4 sky beasts
  5 orc warriors
  2 hornet zombies
  3 wolves (D:11)
  4 centaurs
  5 ogres
  9 crocodiles
  15 bullfrogs
  5 big kobolds
  3 scorpions (D:9)
  8 wights
  30 killer bees
  5 electric eels
  3 howler monkeys
  2 lava snakes (Lair:6)
  7 crimson imps
  A bullfrog zombie (D:9)
  2 centaur zombies
  A jelly (D:9)
  A bullfrog skeleton (D:9)
  7 orc priests
  12 hounds
  9 orc wizards
  An iguana (D:6)
  5 worker ants
  2 killer bee zombies
  A hound zombie (D:5)
  A hound skeleton (D:4)
  7 gnolls
  11 adders
  4 shadow imps
  2 oozes
  An adder zombie (D:7)
  2 worms
  5 dart slugs
  3 leopard geckos
  58 orcs
  5 giant cockroaches
  4 goblins
  4 hobgoblins
  12 jackals
  18 kobolds
  3 quokkas
  4 ball pythons
  A ball python skeleton (D:4)
  7 bats
  6 frilled lizards
  5 rats
  A butterfly (Lair:2)
  2 fungi
  3 plants
496 creatures vanquished.

Vanquished Creatures (others)
  A bush (Lair:5)
  7 fungi
  2 plants
10 creatures vanquished.

Grand Total: 506 creatures vanquished

Notes
Turn   | Place    | Note
-------+----------+-------------------------------------------
     0 | D:1      | ghjk the Minotaur Fighter began the quest for the Orb.
     0 | D:1      | Reached XP level 1. HP: 19/19 MP: 0/0
   115 | D:1      | Reached XP level 2. HP: 27/27 MP: 1/1
   593 | D:1      | Reached skill level 3 in Axes
   796 | D:1      | Reached XP level 3. HP: 33/33 MP: 2/2
   923 | D:2      | Noticed Sigmund
   930 | D:2      | Killed Sigmund
   930 | D:2      | Reached skill level 5 in Axes
   930 | D:2      | Reached XP level 4. HP: 41/41 MP: 3/3
   930 | D:2      | Reached XP level 5. HP: 47/47 MP: 4/4
  1745 | D:3      | Reached XP level 6. HP: 55/55 MP: 5/5
  2071 | D:4      | Reached skill level 5 in Fighting
  2091 | D:4      | Found Ickery's Gadget Shop.
  2104 | D:4      | Reached skill level 6 in Axes
  2280 | D:5      | Entered Level 5 of the Dungeon
  2342 | D:5      | Noticed an ice beast
  2349 | D:5      | Killed an ice beast
  2611 | D:5      | Reached skill level 5 in Armour
  2611 | D:5      | Reached skill level 5 in Shields
  2611 | D:5      | Reached XP level 7. HP: 61/61 MP: 6/6
  2841 | D:5      | Reached skill level 7 in Axes
  2917 | D:6      | Noticed ThereIsNoGod's ghost (novice MiGl)
  3420 | D:6      | Reached skill level 1 in Dodging
  3420 | D:6      | Reached XP level 8. HP: 12/70 MP: 7/7
  3771 | D:5      | Reached skill level 8 in Axes
  4196 | D:7      | Found Saaxidof's Antique Weapon Boutique.
  4234 | D:7      | Reached skill level 9 in Axes
  4248 | D:7      | Found Opoytel's Antique Weapon Emporium.
  4402 | D:7      | Found a staircase to the Ecumenical Temple.
  4479 | D:7      | Found Ahiden's Antique Weapon Shoppe.
  4530 | D:7      | Found Okhax's Antique Armour Shoppe.
  4536 | D:7      | Bought a pair of shimmering gloves for 218 gold pieces
  4541 | D:7      | Identified the +3 pair of gloves of Peek-a-Boo {rElec MR+ Int+2} (You bought it in a shop on level 7 of the Dungeon)
  4592 | D:7      | Reached XP level 9. HP: 78/78 MP: 8/8
  4863 | Temple   | Entered the Ecumenical Temple
  4877 | Temple   | Became a worshipper of Warmaster Okawaru
  4933 | D:8      | Reached skill level 10 in Axes
  5206 | D:8      | Noticed a two-headed ogre
  5223 | D:8      | Killed a two-headed ogre
  5223 | D:8      | Reached * piety under Okawaru
  5223 | D:8      | Reached skill level 11 in Axes
  5501 | D:8      | Noticed a two-headed ogre
  5510 | D:8      | Killed a two-headed ogre
  5510 | D:8      | Reached ** piety under Okawaru
  5510 | D:8      | Reached XP level 10. HP: 44/88 MP: 9/9
  5671 | D:8      | Reached skill level 12 in Axes
  6516 | D:9      | Reached *** piety under Okawaru
  6594 | D:9      | Found a staircase to the Orcish Mines.
  7076 | D:9      | Reached skill level 13 in Axes
  7090 | D:10     | Entered Level 10 of the Dungeon
  7500 | D:10     | Killed an unseen horror
  7757 | D:10     | Found Locin's Food Shoppe.
  8053 | D:10     | You fall through a shaft for 3 floors!
  8053 | D:13     | Noticed a gargoyle
  8053 | D:13     | Noticed a two-headed ogre
  8058 | D:13     | Killed a two-headed ogre
  8058 | D:13     | Reached **** piety under Okawaru
  8058 | D:13     | Reached XP level 11. HP: 90/97 MP: 10/10
  8747 | D:11     | Reached ***** piety under Okawaru
  9128 | D:11     | Paralysed by a hornet for 1 turns
  9131 | D:11     | Received a gift from Okawaru
  9317 | D:11     | Reached skill level 10 in Armour
  9317 | D:11     | Reached skill level 10 in Shields
  9781 | D:11     | Reached skill level 14 in Axes
 10001 | D:11     | Found a staircase to the Lair.
 10204 | Lair:1   | Entered Level 1 of the Lair of Beasts
 10451 | Lair:1   | Reached skill level 10 in Fighting
 11184 | Lair:2   | Reached XP level 12. HP: 66/106 MP: 11/11
 11943 | Lair:3   | Reached skill level 15 in Axes
 12143 | Lair:3   | Received a gift from Okawaru
 12938 | Lair:3   | Identified a scroll of acquirement
 13018 | Lair:4   | Noticed an eight-headed hydra
 13031 | Lair:4   | Killed an eight-headed hydra
 13073 | Lair:4   | Found a staircase to the Snake Pit.
 13102 | Lair:4   | Reached skill level 1 in Maces & Flails
 13304 | Lair:4   | Reached skill level 16 in Axes
 13319 | Lair:4   | HP: 5/110 [poisoned by a water moccasin]
 13324 | Lair:4   | HP: 3/110 [poisoned by a water moccasin]
 13330 | Lair:4   | HP: 1/110 [poisoned by a water moccasin]
 13336 | Lair:4   | HP: 1/110 [poisoned by a water moccasin]
 13344 | Lair:4   | HP: 1/110 [poisoned by a water moccasin]
 13675 | Lair:4   | Received a gift from Okawaru
 13693 | Lair:5   | Noticed a five-headed hydra
 14184 | Lair:4   | Reached XP level 13. HP: 99/116 MP: 12/12
 14329 | Lair:4   | Found a staircase to the Swamp.
 14918 | Lair:5   | Reached skill level 1 in Invocations
 14955 | Lair:5   | Reached ****** piety under Okawaru
 14955 | Lair:5   | Received a gift from Okawaru
 15465 | Lair:5   | Reached skill level 5 in Dodging
 15764 | Lair:5   | Reached skill level 17 in Axes
 15912 | Lair:6   | Entered Level 6 of the Lair of Beasts
 16007 | Lair:6   | Received a gift from Okawaru
 16035 | Lair:6   | Got a brightly glowing hat {god gift}
 16041 | Lair:6   | Identified the +2 hat of the Monk {rElec rC+} (Okawaru gifted it to you on level 6 of the Lair of Beasts)
 16523 | Lair:6   | Slain by a komodo dragon

Skill      XL: |  1  2  3  4  5  6  7  8  9 10 11 12 13 |
---------------+----------------------------------------+-----
Fighting       | 4 5 6 7 9 10 11 13 | 13.2
Axes           | 3 5 6 7 9 11 13 14 16 17 | 17.4
Armour         | 4 5 6 7 9 10 12 13 | 13.4
Shields        | 4 5 7 8 9 10 11 | 11.4
Dodging        | 1 2 3 4 5 |  5.3
Maces & Flails | 1 3 |  3.6
Invocations    | 1 |  1.0

Action                   |  1- 3 |  4- 6 |  7- 9 | 10-12 | 13-15 || total
-------------------------+-------+-------+-------+-------+-------++-------
Melee: War axe           |    49 |   119 |   312 |   884 |   336 ||  1700
       Headbutt          |     5 |    21 |    59 |   185 |    94 ||   364
       Flail             |       |       |       |     5 |    17 ||    22
Invok: Heroism           |       |       |       |     1 |     1 ||     2
       Finesse           |       |       |       |     1 |       ||     1
  Use: Potion            |     1 |       |       |     6 |     3 ||    10
       Scroll            |       |       |    14 |    11 |     2 ||    27
  Eat: Chunk             |       |     5 |     6 |    17 |     6 ||    34
       Fruit             |       |       |     2 |     3 |       ||     5
       Royal jelly       |       |       |     1 |     3 |       ||     4
       Bread ration      |       |       |       |     1 |       ||     1
Armor: Scale mail        |    21 |    12 |       |       |       ||    33
       Chain mail        |       |    42 |   138 |   403 |   145 ||   728
Dodge: Dodged            |    16 |    30 |    63 |   229 |   126 ||   464
Block: Shield            |    23 |    63 |   131 |   407 |       ||   624
       Buckler           |       |       |       |    60 |   106 ||   166
